 Dungeon Crawl Stone Soup version 0.30-a0-760-g5a9884bb7c (webtiles) character file.

Game seed: 11642502235305982994

5366 sanka the Basher (level 10, 0/63 HPs)
             Began as a Gargoyle Fighter on Feb 10, 2023.
             Was a Follower of the Shining One.
             Slain by a two-headed ogre
             ... wielding a +0 giant club
              (19 damage)
             ... on level 8 of the Dungeon.
             The game lasted 00:17:38 (9413 turns).

sanka the Basher (Gargoyle Fighter)                 Turns: 9413, Time: 00:17:39

Health: 0/63       AC: 32    Str: 24    XL:     10   Next: 65%
Magic:  10/10      EV:  6    Int:  9    God:    the Shining One [*.....]
Gold:   453        SH:  5    Dex:  9    Spells: 9/9 levels left

rFire   . . .      SeeInvis .    a - +0 flail
rCold   . . .      Faith    .    c - +0 buckler
rNeg    + . .      Spirit   .    E - +0 plate armour
rPois   ∞          Reflect  .    u - +0 helmet
rElec   +          Harm     .    L - +1 cloak
rCorr   .          Rampage  .    w - +0 pair of gloves
Will    .....                    p - +2 pair of boots Stlth
                                 (no amulet)
HPRegen 0.30/turn                t - +4 ring of protection
MPRegen 0.12/turn                (no ring)

@: glowing
A: sickness immunity, AC +7, negative energy resistance 1, electricity
resistance, torment resistance 1, petrification resistance
a: Renounce Religion, Divine Shield


You were on level 8 of the Dungeon.
You worshipped the Shining One.
The Shining One was aware of your devotion.
You visited 1 branch of the dungeon, and saw 9 of its levels.

You collected 453 gold pieces.


Innate Abilities, Weirdness & Mutations

You are immune to sickness and miasma.
Your stone body is resilient. (AC +7)
You are immune to poison.
You resist negative energy. (rN+)
You are resistant to electric shocks. (rElec)
You are resistant to unholy torment.
You are immune to petrification.


   Skills:
 + Level 7.4 Fighting
 - Level 12.0 Maces & Flails
 + Level 7.0 Armour
 + Level 7.1 Shields


You had 9 spell levels left.
You didn't know any spells.
Your spell library contained the following spells:

 Spells                   Type           Power      Damage    Failure   Level
 Scorch                   Fire           0%         2d5       100%        2
 Inner Flame              Hex/Fire       0%         N/A       100%        3
 Cause Fear               Hex            0%         N/A       100%        4
 Flame Wave               Conj/Fire      0%         2d4       100%        4
 Summon Cactus Giant      Summ           0%         N/A       100%        6
 Discord                  Hex            0%         N/A       100%        8

Inventory:

Hand Weapons
 a - a +0 flail (weapon)
 b - a +0 broad axe
Armour
 c - a +0 buckler (worn)
 p - a +2 pair of boots (worn)
 u - a +0 helmet (worn)
 w - a +0 pair of gloves (worn)
 E - a +0 plate armour (worn)
 L - a +1 cloak (worn)
Jewellery
 t - a +4 ring of protection (left hand)
 J - a ring of fire
Wands
 i - a wand of flame (22)
 n - a wand of digging (2)
 K - a wand of light (5)
Scrolls
 g - a scroll of enchant armour
 j - 3 scrolls of vulnerability {!r}
 l - 6 scrolls of teleportation {@r4}
 m - 2 scrolls of blinking
 o - 2 scrolls of silence {!r}
 r - 2 scrolls of noise {!r}
 s - a scroll of immolation {!r}
 v - a scroll of brand weapon
 y - 2 scrolls of fog
 C - 2 scrolls of fear
 D - 2 scrolls of magic mapping
 F - a scroll of poison
Potions
 d - a potion of might
 e - 2 potions of haste {unknown}
 f - a potion of ambrosia {unknown}
 h - 5 potions of curing {unknown}
 k - a potion of flight {unknown}
 q - a potion of brilliance {unknown}
 x - 3 potions of attraction {unknown}
 z - a potion of resistance {unknown}
 A - 4 potions of heal wounds {unknown}
 B - 2 potions of lignification {unknown}
 G - 2 potions of berserk rage {unknown}
 H - 2 potions of degeneration {unknown}
 I - a potion of mutation {unknown}

Dungeon Overview and Level Annotations

Branches:
Dungeon (9/15)             Temple (0/1) D:7
   Lair: D:8-11         Orc: D:9-12

Altars:
Hepliaklqana
Kikubaaqudgha
Uskayaw
Vehumet
Yredelemnul
The Shining One

Annotations:
D:2 Sigmund
D:4 Dowan, Duvessa

░ ░░░,[,,,,,,,,,,,,,,,,,,,,,o,,,,
░░░,,,,,,.....░░,,,,÷,,░░░░░,
░,,,,,,,,...▒░░,,,░░░░░ ░░
░░,,,,,,,,...▒ ░░,,░░ ░
░▒..░░░░░░░▒..▒ ░,,,░ ░ ▒▒..▒░
▒▒..▒▒ ░,..░░░░░ ░░ ▒▒...░
▒▒▒....▒▒▒...,,,,░░░░,
▒▒...▒▒▒▒▒▒▒..).........,,,,,,,,,
▒.......▒.......8O......,,,,░░,,,
.................▒......,,,░░░░░)
................▒▒░▒....,,░░ ░,
.<..)(.........▒▒ ░░...,,░ ░░,
....[..▒▒▒▒....▒ ░,,.,░░ ░,,
..▒▒..▒▒ ▒▒..▒▒ ░,,,,░ ░░,,
..▒▒▒..▒▒ ▒▒..▒ ░░,,,,░░ ░,,░ .▒▒
▒...▒▒▒...▒ ░░,,,,,,░░░░,,░ .░
▒▒...▒▒..▒▒ ░░,,,,,,,,░░,,░░


You could see a two-headed ogre.


Message History

The two-headed ogre is lightly wounded.
You sock the two-headed ogre!
The two-headed ogre is moderately wounded.
The two-headed ogre hits you but does no damage.
The two-headed ogre hits you with a +0 giant club!
You sock the two-headed ogre!
The two-headed ogre is heavily wounded.
You sock the two-headed ogre!
The two-headed ogre is severely wounded.
The two-headed ogre hits you with a +0 giant club.
The two-headed ogre hits you with a +0 giant club!
You hit the two-headed ogre.
The two-headed ogre is almost dead.
You hit the two-headed ogre but do no damage.
The two-headed ogre is almost dead.
The two-headed ogre hits you with a +0 giant club!
* * * LOW HITPOINT WARNING * * *
You block the two-headed ogre's attack.
You hit the two-headed ogre.
The two-headed ogre is almost dead.
The two-headed ogre hits you with a +0 giant club.
* * * LOW HITPOINT WARNING * * *
The two-headed ogre hits you with a +0 giant club.
* * * LOW HITPOINT WARNING * * *
You hit the two-headed ogre but do no damage.
The two-headed ogre is almost dead.
You hit the two-headed ogre.
The two-headed ogre is almost dead.
The two-headed ogre hits you with a +0 giant club!!
You die...

Action                     |  1- 3 |  4- 6 |  7- 9 | 10-12 || total
---------------------------+-------+-------+-------+-------++-------
  Melee: Flail             |    68 |   290 |   485 |   157 ||  1000
         Broad axe         |       |       |       |    19 ||    19
    Use: Scroll            |       |       |    10 |     3 ||    13
 Armour: Scale mail        |    46 |    70 |       |       ||   116
         Chain mail        |       |   217 |   208 |       ||   425
         Plate armour      |       |       |   190 |   230 ||   420
  Dodge: Dodged            |    31 |   167 |   152 |    84 ||   434
  Block: Buckler           |    18 |    73 |    71 |    66 ||   228

Levels and vault maps discovered:
D:1:      lemuel_arrival_room, layout_loops_ring, minmay_crystal_water
D:2:      wad_crossroads, layout_basic, basic_altar, uniq_sigmund
D:3:      layout_loops_ring, mainiacjoe_overflow_alcove_4,
          basic_ecumenical_altar, grunt_ministairs_1, serial_bayou_ford_a,
          minmay_misc_feat_enclosed
D:4:      nicolae_cairo_tiling_large_dashed, layout_cave_pools,
          serial_column_ruins, column_ruins_hut_ruined, column_ruins_open_small,
          column_ruins_columns_straight, column_ruins_open_tiny,
          column_ruins_open_medium, column_ruins_open_medium,
          column_ruins_corridor_plus, column_ruins_open_small,
          chequers_serial_rivers_micro_b, uniq_natasha, uniq_menkaure,
          uniq_duvessa, uniq_robin, uniq_blork_the_orc
D:5:      layout_basic, kennysheep_mini
D:6:      layout_cave_pools, grunt_temple_overflow_holy_war,
          vehumet_altar_wand_db, minmay_misc_feat_alley
D:7:      layout_cave_pools, minmay_temple_entry_mist,
          kennysheep_generic_room_13
D:8:      layout_layer_cave, chequers_decorated_corner, fungi_pond_lemuel,
          nicolae_nh_ransacked_shop, uniq_joseph, uniq_prince_ribbit1
D:9:      layout_rooms, chequers_temple_overflow_minitemple, erik_lair_island

Notes
Turn   | Place    | Note
-------+----------+-------------------------------------------
     0 | D:1      | sanka the Gargoyle Fighter began the quest for the Orb.
     0 | D:1      | Reached XP level 1. HP: 14/14 MP: 1/1
   120 | D:1      | Reached XP level 2. HP: 17/20 MP: 2/2
   289 | D:1      | Reached skill level 4 in Fighting
   756 | D:2      | Found a hide-covered altar of Uskayaw.
   785 | D:2      | Noticed Sigmund
   969 | D:2      | Reached XP level 3. HP: 24/24 MP: 3/3
  1039 | D:1      | Reached skill level 3 in Maces & Flails
  1227 | D:2      | Reached XP level 4. HP: 26/29 MP: 4/4
  1467 | D:2      | Reached skill level 4 in Maces & Flails
  1934 | D:3      | Found a faded altar of an unknown god.
  2083 | D:3      | Reached XP level 5. HP: 33/33 MP: 5/5
  2628 | D:3      | Found an ancient bone altar of Kikubaaqudgha.
  2650 | D:3      | Reached skill level 5 in Maces & Flails
  3032 | D:4      | Noticed Menkaure
  3057 | D:3      | Reached XP level 6. HP: 38/38 MP: 6/6
  3061 | D:4      | Killed Menkaure
  3062 | D:4      | Reached skill level 6 in Maces & Flails
  3223 | D:4      | Noticed Robin
  3454 | D:4      | Killed Robin
  3568 | D:4      | Noticed Natasha
  3576 | D:4      | Killed Natasha
  3577 | D:4      | Reached skill level 7 in Maces & Flails
  3577 | D:4      | Reached XP level 7. HP: 39/43 MP: 7/7
  3640 | D:4      | Noticed Natasha
  3655 | D:4      | Killed Natasha
  3667 | D:4      | Noticed Natasha
  3676 | D:4      | Killed Natasha
  3716 | D:4      | Noticed Dowan
  3716 | D:4      | Noticed Duvessa
  3761 | D:4      | Noticed Blork the orc
  3769 | D:4      | Killed Blork the orc
  4062 | D:5      | Entered Level 5 of the Dungeon
  4266 | D:5      | Reached skill level 8 in Maces & Flails
  4626 | D:5      | Found a hazy altar of Hepliaklqana.
  4736 | D:5      | Reached XP level 8. HP: 44/48 MP: 8/8
  4747 | D:5      | Reached skill level 9 in Maces & Flails
  5261 | D:6      | Found a glowing golden altar of the Shining One.
  5267 | D:6      | Found a basalt altar of Yredelemnul.
  5269 | D:6      | Noticed a profane servitor
  5279 | D:6      | Noticed an angel
  5284 | D:6      | Became a worshipper of the Shining One
  5372 | D:6      | Reached skill level 10 in Maces & Flails
  5706 | D:6      | Found a radiant altar of Vehumet.
  5731 | D:6      | Reached skill level 11 in Maces & Flails
  5752 | D:6      | Reached XP level 9. HP: 52/52 MP: 9/9
  6629 | D:7      | Found a staircase to the Ecumenical Temple.
  6682 | D:7      | Reached skill level 12 in Maces & Flails
  7078 | D:8      | Noticed Joseph
  7105 | D:8      | Killed Joseph
  7106 | D:8      | Reached skill level 4 in Armour
  7106 | D:8      | Reached skill level 4 in Shields
  7163 | D:8      | Reached skill level 5 in Fighting
  7519 | D:8      | Noticed Prince Ribbit
  7560 | D:8      | Killed Prince Ribbit
  7561 | D:8      | Reached skill level 5 in Armour
  7561 | D:8      | Reached skill level 5 in Shields
  7649 | D:8      | Reached * piety under the Shining One
  7675 | D:8      | Reached XP level 10. HP: 45/60 MP: 10/10
  8187 | D:8      | Reached skill level 6 in Fighting
  8396 | D:8      | Reached skill level 6 in Armour
  8396 | D:8      | Reached skill level 6 in Shields
  8643 | D:9      | Noticed a two-headed ogre
  8966 | D:8      | Reached skill level 7 in Fighting
  9218 | D:8      | Reached skill level 7 in Shields
  9240 | D:8      | Reached skill level 7 in Armour
  9413 | D:8      | Slain by a two-headed ogre

Vanquished Creatures
  Joseph (D:8)
  Prince Ribbit (D:8)
  2 wyverns
  5 slime creatures (D:8)
  Menkaure (D:4)
  A water moccasin (D:5)
  A sky beast (D:6)
  3 orc warriors
  An ice beast (D:6)
  A black bear (D:5)
  A centaur (D:6)
  4 wolves (D:8)
  An ogre (D:7)
  2 phantoms
  A kobold brigand (D:6)
  Blork the orc (D:4)
  4 bullfrogs (D:8)
  2 necrophages
  A scorpion (D:6)
  3 wights (D:8)
  10 killer bees
  7 howler monkeys
  5 orc priests
  5 hounds
  3 jellies
  3 iguanas
  Natasha (thrice) (D:4)
  8 orc wizards
  Robin (D:4)
  6 gnolls
  5 adders
  2 white imps
  2 ufetubi (D:4)
  3 dart slugs
  23 orcs
  8 ball pythons
  8 endoplasms
  2 giant cockroaches
  6 hobgoblins
  6 jackals
  3 quokkas
  4 bats
  8 frilled lizards
  18 goblins
  11 kobolds
  8 rats
205 creatures vanquished.

Vanquished Creatures (others)
  4 plants (D:3)
4 creatures vanquished.

Grand Total: 209 creatures vanquished
